 Dungeon Crawl Stone Soup version 0.24.0-123-gd5b16e6ec5 (webtiles) character file.

Game seed: 7544882766349157962, levelgen mode: deterministic

52113 mortelune the Protected (level 14, -15/90 HPs)
             Began as a Gargoyle Fire Elementalist on Jan 3, 2020.
             Was an Elder of Vehumet.
             Demolished by an entropy weaver (17 damage)
             ... on level 6 of the Lair of Beasts.
             The game lasted 01:05:20 (29299 turns).

mortelune the Protected (GrFE)                     Turns: 29299, Time: 01:05:21

Health: -15/90     AC:  0    Str: 23    XL:     14   Next: 62%
Magic:  3/23       EV: 21    Int: 27    God:    Vehumet [****..]
Gold:   728        SH:  0    Dex: 18    Spells: 0/26 levels left

rFire    + + .     SeeInvis +   f - +7 whip "Joivexexokh" {flame, rN+ Int+3}
rCold    x . .     Gourm    .   (no shield)
rNeg     + + +     Faith    .   j - +1 robe of the Good {Str+4 Dex+2 SInv}
rPois    ∞         Spirit   .   b - +0 helmet
rElec    +         Reflect  .   Q - +0 cloak
rCorr    .         Harm     .   J - +0 pair of gloves of Happiness {rF+ rC- rN+ Dex+4}
MR       +....                  (no boots)
Stlth    ++........             y - amulet "Xoiliew" {+Rage Str+6 Int+4 Dex+2}
HPRegen  0.25/turn              e - +3 ring of evasion
MPRegen  0.18/turn              K - ring of protection from fire

@: about to teleport, corroded
A: big wings, negative energy resistance 1, electricity resistance, unbreathing,
petrification resistance, rot immunity, AC +10
a: Fly, Renounce Religion, Evoke Berserk Rage


You were on level 6 of the Lair of Beasts.
You worshipped Vehumet.
Vehumet was greatly pleased with you.
You were very hungry.

You visited 3 branches of the dungeon, and saw 17 of its levels.
You also visited: Gauntlet.

You collected 878 gold pieces.
You spent 150 gold pieces at shops.

Inventory:

Hand Weapons
 f - the +7 whip "Joivexexokh" (weapon) {flame, rN+ Int+3}
   (You found it on level 3 of the Lair of Beasts)

   It has been specially enchanted to burn those struck by it, causing extra
   injury to most foes and up to half again as much damage against particularly
   susceptible opponents.
   It affects your intelligence (+3).
   It protects you from negative energy.
 C - the +9 trident of Vytiubb {pierce, rC++}
   (You found it on level 3 of the Lair of Beasts)

   It inflicts extra damage upon your enemies.
   It greatly protects you from cold.
Armour
 b - a +0 helmet (worn)
 j - the +1 robe of the Good (worn) {Str+4 Dex+2 SInv}
   (You found it on level 3 of the Lair of Beasts)

   It affects your strength (+4).
   It affects your dexterity (+2).
   It lets you see invisible.
 u - a scarf of cloud immunity
 x - a +2 pair of gloves
 J - the +0 pair of gloves of Happiness (worn) {rF+ rC- rN+ Dex+4}
   (You found it in a Gauntlet)

   It affects your dexterity (+4).
   It protects you from fire.
   It makes you vulnerable to cold.
   It protects you from negative energy.
 Q - a +0 cloak (worn)
Magical Staves
 L - an uncursed staff of fire
Jewellery
 a - an uncursed ring of wizardry
 e - a +3 ring of evasion (left hand)
 p - a +3 ring of evasion
 w - an uncursed ring of ice
 y - the amulet "Xoiliew" (around neck) {+Rage Str+6 Int+4 Dex+2}
   (You found it on level 8 of the Dungeon)

   [amulet of rage]

   It affects your strength (+6).
   It affects your intelligence (+4).
   It affects your dexterity (+2).
   It lets you go berserk.
 B - an uncursed amulet of harm
 K - a ring of protection from fire (right hand)
 O - an uncursed amulet of faith {unknown}
Wands
 s - a wand of flame (12)
 D - a wand of digging (12)
 M - a wand of paralysis (7)
Scrolls
 g - 4 scrolls of enchant armour
 h - a scroll of brand weapon
 q - 4 scrolls of teleportation
 v - 2 scrolls of immolation
 E - 2 scrolls of remove curse
 H - 2 scrolls of fog
 N - 2 scrolls of summoning
 P - a scroll of magic mapping
 R - a scroll of identify
Potions
 d - a potion of ambrosia
 i - 2 potions of invisibility
 k - a potion of mutation
 l - 4 potions of lignification
 m - 3 potions of might
 n - 3 potions of berserk rage
 o - a potion of cancellation {unknown}
 r - 2 potions of brilliance
 t - 3 potions of resistance
 z - a potion of flight
 G - a potion of degeneration {unknown}
 I - a potion of heal wounds {unknown}
 S - a potion of magic
Miscellaneous
 A - a lightning rod (4/4)
Comestibles
 c - 35 rations
 T - 2 chunks of flesh


   Skills:
 + Level 11.1 Fighting
 + Level 8.6 Maces & Flails
 - Level 14.4 Armour
 - Level 8.2 Dodging
 - Level 2.1 Stealth
 + Level 6.6 Spellcasting
 - Level 10.6 Conjurations
 + Level 10.9 Fire Magic
 * Level 6.5 Earth Magic


You couldn't memorise any spells.
You knew the following spells:

 Your Spells              Type           Power        Failure   Level  Hunger
a - Flame Tongue          Conj/Fire      #####        1%          1    None
b - Throw Flame           Conj/Fire      ######       1%          2    None
c - Conjure Flame         Conj/Fire      ######..     1%          3    None
d - Sticky Flame          Conj/Fire      ######..     1%          4    ###....
e - Fireball              Conj/Fire      ######....   1%          5    #####..
f - Bolt of Magma         Conj/Fire/Erth ######....   1%          5    #####..
q - Iron Shot             Conj/Erth      ######....   7%          6    ######.

Your spell library contained the following spells:

 Spells                   Type           Power        Failure   Level  Hunger
 Irradiate                Conj/Tmut      #####.....   5%          5    #####..
 Freeze                   Ice            #...         1%          1    None
 Shock                    Conj/Air       ####         1%          1    None
 Throw Frost              Conj/Ice       #####.       1%          2    None
 Inner Flame              Hex/Fire       #####...     1%          3    None
 Static Discharge         Conj/Air       #####...     1%          3    None
 Throw Icicle             Conj/Ice       #####...     1%          4    ###....
 Iskenderun's Battlesphe  Conj/Chrm      #####...     5%          5    #####..
 Lightning Bolt           Conj/Air       #####.....   5%          5    #####..
 Venom Bolt               Conj/Pois      #####.....   5%          5    #####..
 Beastly Appendage        Tmut           #.....       6%          1    None
 Confusing Touch          Hex            #.....       6%          1    None
 Sticks to Snakes         Tmut           #.......     10%         2    None
 Swiftness                Chrm/Air       #.......     10%         2    None
 Airstrike                Air            #.........   16%         4    ###....
 Petrify                  Tmut/Erth      ####....     16%         4    ###....
 Orb of Destruction       Conj           ######....   17%         7    #######
 Confuse                  Hex            #.......     19%         3    None
 Gell's Gravitas          Tloc           #.........   19%         3    None
 Ozocubu's Armour         Chrm/Ice       #.......     19%         3    None
 Spider Form              Tmut/Pois      #.........   19%         3    None
 Yara's Violent Unravell  Hex/Tmut       #.........   38%         5    #####..
 Ice Form                 Ice/Tmut       #.......     52%         4    ###....
 Summon Ice Beast         Ice/Summ       #.......     52%         4    ###....
 Spellforged Servitor     Conj/Summ      #####.....   78%         7    #######
 Blade Hands              Tmut           #.........   86%         5    #####..
 Metabolic Englaciation   Hex/Ice        #.........   86%         5    #####..


Dungeon Overview and Level Annotations

Branches:
Dungeon (10/15)            Temple (1/1) D:4            Lair (6/6) D:8
 Shoals (0/4) Lair:2       Spider (0/4) Lair:4        Slime (0/5) Lair:5
Gauntlet (visited)
    Orc: D:9-12

Altars:
Ashenzari
Cheibriados
Dithmenos
Elyvilon
Fedhas
Gozag
Hepliaklqana
Kikubaaqudgha
Makhleb
Nemelex Xobeh
Okawaru
Qazlal
Ru
Sif Muna
Trog
Uskayaw
Vehumet
Wu Jian
Xom
Yredelemnul
Zin
The Shining One
Jiyva

Shops:
D:6 [   D:10 [

Annotations:
D:3 Terence


Innate Abilities, Weirdness & Mutations

You are resistant to torment.
Your stone body is resilient. (AC +10)
You are immune to poison.
Your large and strong wings let you fly indefinitely.
You resist negative energy. (rN+)
You are resistant to electric shocks. (rElec)
You can survive without breathing.
You are immune to petrification.
You are immune to rotting.


Message History

The entropic weave corrodes you! The hornet stings you.
The entropy weaver casts a spell.
The entropic weave corrodes you! The hornet stings you! The hornet stings you!
As you read the scroll of teleportation, it crumbles to dust.
You feel strangely unstable. The hornet stings you! x2
The entropy weaver completely misses you.
The entropy weaver hits you. The entropy weaver hits you!
* * * LOW HITPOINT WARNING * * *
The entropy weaver hits you.
* * * LOW HITPOINT WARNING * * *
Okay, then.
You feel better. The hornet misses you. The entropy weaver hits you!
* * * LOW HITPOINT WARNING * * *
The entropy weaver hits you!
* * * LOW HITPOINT WARNING * * *
The entropy weaver hits you!
You die...

....#.....##P..................#.
....##....##...........^.......##
.....#...P.........##.....#....#
...P.#.P...........###....#...##
.P[................P###.......##
....................##.........#
....................#P........###
..........÷....................P#
...............y@........P.....##
...............a.......PP......##
##.#..............#.....P#....#.#
###....................##....###
##..............P..........##
###........................#
#P......................##
#........................#
###.....P................#


You could see an entropy weaver and a hornet.

Vanquished Creatures
  Kirke (Lair:5)
  A minotaur (Gauntlet)
  Snorg (Lair:5)
  7 hydras
  A centaur warrior (D:8)
  A tengu warrior (D:8)
  A two-headed ogre (D:8)
  A manticore (Lair:5)
  10 black mambas
  A guardian serpent (Lair:6)
  2 torpor snails
  11 spiny frogs
  An ice statue (Gauntlet)
  A minotaur zombie (Gauntlet)
  13 komodo dragons
  5 rime drakes
  A queen bee (Lair:2)
  A polar bear (Lair:5)
  4 hornets
  10 hippogriffs
  11 dream sheep
  Prince Ribbit (Lair:2)
  8 blink frogs
  3 redbacks
  19 wyverns
  36 yaks
  A human (D:7)
  7 hogs
  7 basilisks
  7 soldier ants
  A hell hound (Lair:5)
  14 water moccasins
  4 porcupines
  3 sky beasts
  6 orc warriors
  2 black bears
  An ice beast (D:9)
  3 ogres
  2 phantoms
  26 wolves
  2 centaurs
  16 crocodiles
  2 big kobolds
  11 bullfrogs
  37 killer bees
  6 scorpions
  6 howler monkeys
  An electric eel (D:9)
  4 crimson imps
  A bullfrog zombie (D:5)
  2 gnoll shamans (D:4)
  2 centaur skeletons
  6 jellies
  4 orc priests
  4 hounds
  11 orc wizards
  A bullfrog skeleton (D:4)
  5 iguanas
  Jessica (D:3)
  9 worker ants
  A hound zombie (D:9)
  8 gnolls (D:4)
  11 adders
  A shadow imp (D:8)
  An ooze (D:1)
  4 worms
  A dart slug (D:2)
  4 leopard geckos
  39 orcs
  6 giant cockroaches
  8 goblins
  6 hobgoblins
  7 jackals
  6 quokkas
  A ball python (D:2)
  7 bats
  6 frilled lizards
  A jackal skeleton (D:5)
  A jackal zombie (D:9)
  16 kobolds
  A quokka skeleton (D:6)
  A quokka zombie (D:5)
  8 rats
  3 fungi
  2 plants (D:8)
517 creatures vanquished.

Vanquished Creatures (others)
  25 fungi
  52 plants
77 creatures vanquished.

Grand Total: 594 creatures vanquished

Notes
Turn   | Place    | Note
-------+----------+-------------------------------------------
     0 | D:1      | mortelune the Gargoyle Fire Elementalist began the quest
                  | for the Orb.
     0 | D:1      | Reached XP level 1. HP: 10/10 MP: 3/3
   295 | D:1      | Reached XP level 2. HP: 15/15 MP: 0/5
   417 | D:1      | Learned a level 2 spell: Throw Flame
  1736 | D:2      | Reached XP level 3. HP: 14/19 MP: 0/6
  1818 | D:2      | Learned a level 3 spell: Conjure Flame
  2416 | D:2      | Reached XP level 4. HP: 24/24 MP: 4/7
  3163 | D:2      | Found a hide-covered altar of Uskayaw.
  3373 | D:3      | Noticed Terence
  3988 | D:3      | Found a faded altar of an unknown god.
  4192 | D:3      | Noticed Jessica
  4197 | D:3      | Killed Jessica
  4197 | D:3      | Reached XP level 5. HP: 28/28 MP: 4/9
  4821 | D:4      | Reached XP level 6. HP: 19/32 MP: 1/10
  5489 | D:4      | Reached skill level 5 in Fire Magic
  6181 | D:4      | Got an iridescent battleaxe
  6184 | D:4      | Identified the +7 battleaxe "Myjuo" {venom, Str+5 Dex-3}
                  | (You found it on level 4 of the Dungeon)
  6236 | D:4      | Learned a level 4 spell: Sticky Flame
  6250 | D:4      | Reached XP level 7. HP: 36/36 MP: 7/12
  6309 | D:4      | Reached skill level 5 in Conjurations
  6494 | D:4      | Found a staircase to the Ecumenical Temple.
  6640 | Temple   | Entered the Ecumenical Temple
  7290 | D:5      | Entered Level 5 of the Dungeon
  8171 | D:6      | Found a shimmering altar of Xom.
  8171 | D:6      | Noticed an angel
  8182 | D:6      | Found a glowing silver altar of Zin.
  8308 | D:6      | Found Xausaamo's Antique Armour Emporium.
  8413 | D:6      | Reached XP level 8. HP: 41/41 MP: 2/14
  8420 | D:6      | Learned a level 5 spell: Fireball
  8851 | D:6      | Bought a pair of embroidered gloves for 150 gold pieces
  9444 | D:7      | Found an ornate altar of the Wu Jian Council.
  9844 | D:7      | Noticed a hornet
  9875 | D:6      | Killed a hornet
 10085 | D:7      | Reached XP level 9. HP: 45/45 MP: 8/16
 10201 | D:7      | Reached skill level 5 in Spellcasting
 11039 | D:7      | You fall into a shaft and drop 1 floor!
 11044 | D:8      | Noticed a two-headed ogre
 11146 | D:8      | Found a staircase to the Lair.
 11197 | D:8      | Killed a two-headed ogre
 11207 | D:8      | Reached XP level 10. HP: 22/50 MP: 3/18
 11916 | D:7      | Reached skill level 10 in Conjurations
 12096 | D:7      | Found a sacrificial altar of Ru.
 12097 | D:7      | Found a sparkling altar of Nemelex Xobeh.
 12098 | D:7      | Found an opulent altar of Gozag.
 12098 | D:7      | Found a basalt altar of Yredelemnul.
 12099 | D:7      | Found a radiant altar of Vehumet.
 12100 | D:7      | Found an ornate altar of the Wu Jian Council.
 12100 | D:7      | Found a white marble altar of Elyvilon.
 12101 | D:7      | Found a shimmering blue altar of Sif Muna.
 12114 | D:7      | Became a worshipper of Vehumet
 12153 | D:7      | Found a snail-covered altar of Cheibriados.
 12927 | D:8      | Reached skill level 10 in Fire Magic
 13092 | D:8      | Noticed a tengu warrior
 13109 | D:8      | HP: 1/50 [tengu warrior/+4 halberd of protection (9)]
 13109 | D:8      | Killed a tengu warrior
 13450 | D:8      | Reached skill level 1 in Fighting
 13450 | D:8      | Reached skill level 1 in Armour
 13553 | D:8      | Noticed a centaur warrior
 13560 | D:8      | Killed a centaur warrior
 13560 | D:8      | Reached skill level 2 in Armour
 13769 | D:8      | Got a slimy ruby amulet
 13933 | D:8      | Identified the amulet "Xoiliew" {+Rage Str+6 Int+4 Dex+2}
                  | (You found it on level 8 of the Dungeon)
 13977 | D:8      | Reached skill level 3 in Armour
 14113 | D:8      | Reached XP level 11. HP: 46/60 MP: 8/20
 14118 | D:8      | Reached * piety under Vehumet
 14118 | D:8      | Offered knowledge of Sting by Vehumet.
 14126 | D:8      | Learned a level 5 spell: Bolt of Magma
 14392 | D:8      | Reached skill level 4 in Armour
 14763 | D:9      | Reached skill level 5 in Armour
 15388 | D:9      | Reached skill level 6 in Armour
 16109 | D:10     | Entered Level 10 of the Dungeon
 16427 | D:10     | Reached ** piety under Vehumet
 16427 | D:10     | Offered knowledge of Searing Ray by Vehumet.
 16476 | D:10     | Found Qezxev's Antique Armour Shoppe.
 16524 | D:10     | Reached skill level 5 in Fighting
 16649 | D:10     | Reached skill level 7 in Armour
 16845 | D:10     | Offered knowledge of Ignite Poison by Vehumet.
 17183 | Lair:1   | Entered Level 1 of the Lair of Beasts
 17249 | Lair:1   | Noticed a five-headed hydra
 17264 | Lair:1   | Killed a five-headed hydra
 17264 | Lair:1   | Reached skill level 1 in Maces & Flails
 17264 | Lair:1   | Reached skill level 8 in Armour
 17264 | Lair:1   | Reached skill level 5 in Dodging
 18824 | Lair:2   | Reached skill level 9 in Armour
 18824 | Lair:2   | Reached XP level 12. HP: 67/71 MP: 3/21
 19091 | Lair:2   | Noticed an eight-headed hydra
 19099 | Lair:2   | Killed an eight-headed hydra
 19414 | Lair:2   | Reached *** piety under Vehumet
 19693 | Lair:2   | Reached skill level 10 in Armour
 19709 | Lair:2   | Offered knowledge of Iskenderun's Mystic Blast by Vehumet.
 19994 | Lair:2   | Found a staircase to the Shoals.
 20271 | Lair:2   | Noticed Prince Ribbit
 20277 | Lair:2   | Killed Prince Ribbit
 20865 | Lair:3   | Found a gate leading to a gauntlet.
 20891 | Gauntlet | Entered a Gauntlet
 20891 | Gauntlet | Found a transporter.
 21010 | Gauntlet | Found a transporter.
 21012 | Gauntlet | Found a transporter.
 21023 | Gauntlet | Found a transporter.
 21027 | Gauntlet | Noticed a blizzard demon
 21031 | Gauntlet | Found a transporter.
 21046 | Gauntlet | Noticed a hell beast
 21049 | Gauntlet | Found a transporter.
 21059 | Gauntlet | Found a transporter.
 21069 | Gauntlet | Found a transporter.
 21072 | Gauntlet | Noticed a green death
 21084 | Gauntlet | Found a transporter.
 21098 | Gauntlet | Found a transporter.
 21098 | Gauntlet | Found a transporter.
 21140 | Gauntlet | Found a transporter.
 21154 | Gauntlet | Found a transporter.
 21164 | Gauntlet | Found a transporter.
 21244 | Gauntlet | Reached skill level 11 in Armour
 21342 | Gauntlet | Reached skill level 5 in Maces & Flails
 21351 | Gauntlet | Reached **** piety under Vehumet
 21446 | Gauntlet | Got a pair of faintly glowing gloves
 21464 | Gauntlet | Identified the +0 pair of gloves of Happiness {rF+ rC- rN+
                  | Dex+4} (You found it in a Gauntlet)
 21476 | Gauntlet | Noticed a minotaur
 21492 | Gauntlet | HP: 2/75 [minotaur/uncursed staff of fire (14)]
 21494 | Gauntlet | Killed a minotaur
 21494 | Gauntlet | Offered knowledge of Force Lance by Vehumet.
 22474 | Lair:3   | Noticed a four-headed hydra
 22497 | Lair:3   | Killed a four-headed hydra
 22497 | Lair:3   | Reached XP level 13. HP: 64/80 MP: 20/22
 22530 | Lair:3   | Got a warped robe
 22541 | Lair:3   | Identified the +1 robe of the Good {Str+4 Dex+2 SInv} (You
                  | found it on level 3 of the Lair of Beasts)
 22573 | Lair:3   | Got a crude whip
 22574 | Lair:3   | Identified the +7 whip "Joivexexokh" {flame, rN+ Int+3}
                  | (You found it on level 3 of the Lair of Beasts)
 22929 | Lair:3   | Got a polished trident
 22930 | Lair:3   | Identified the +9 trident of Vytiubb {pierce, rC++} (You
                  | found it on level 3 of the Lair of Beasts)
 23027 | Lair:3   | Reached skill level 12 in Armour
 23581 | Lair:4   | Got a transparent flail
 23582 | Lair:4   | Identified the cursed +2 flail of Kindness {flame, Int+4}
                  | (You found it on level 4 of the Lair of Beasts)
 23696 | Lair:4   | Found a hole to the Spider Nest.
 24642 | Lair:5   | Noticed Snorg
 24647 | Lair:5   | Killed Snorg
 24751 | Lair:5   | Noticed Kirke
 24776 | Lair:5   | Killed Kirke
 24884 | Lair:5   | Reached skill level 13 in Armour
 25093 | Lair:5   | Found a viscous altar of Jiyva.
 25093 | Lair:5   | Found a staircase to the Slime Pits.
 25175 | Lair:5   | Reached skill level 10 in Fighting
 25702 | Lair:5   | Reached ***** piety under Vehumet
 25702 | Lair:5   | Offered knowledge of Irradiate by Vehumet.
 26259 | Lair:5   | Reached skill level 1 in Earth Magic
 26627 | Lair:6   | Entered Level 6 of the Lair of Beasts
 26870 | Lair:6   | Gained mutation: Your large and strong wings let you fly
                  | indefinitely. [Gargoyle growth]
 26870 | Lair:6   | Reached XP level 14. HP: 88/88 MP: 17/23
 27212 | Lair:6   | Reached skill level 14 in Armour
 28207 | Lair:6   | Reached skill level 5 in Earth Magic
 28991 | Lair:6   | Noticed an entropy weaver
 29115 | Lair:6   | Learned a level 6 spell: Iron Shot
 29299 | Lair:6   | HP: 2/90 [entropy weaver (11)]
 29299 | Lair:6   | Demolished by an entropy weaver

Levels and vault maps discovered:
D:1:      sevenhm_arrival_forest_fort_large_2, layout_loops_corners
D:2:      layout_loops_corners, marbit_many_paths, first_ration,
          minmay_pentomino_q2
D:3:      layout_basic, chequers_ecumenical_altar_grove, uniq_terence,
          uniq_jessica
D:4:      layout_layer_cave, minmay_temple_entry_junction_2,
          kennysheep_generic_room_13
D:5:      layout_basic
D:6:      layout_cave_pools, grunt_temple_overflow_order_and_chaos_1,
          serial_shops, nicolae_shop_stone
D:7:      layout_rooms, cheibrodos_worm_habitat, grunt_temple_overflow_open,
          basic_altar, grunt_livestock
D:8:      minmay_the_grid_octo_triangle [minmay_the_grid_octo_checkered,
          minmay_the_grid_octo_prize_single_spiral,
          minmay_the_grid_octo_vomiting_pacman], layout_basic,
          david_lair_shrubbed
D:9:      layout_cave_pools, serial_park_tiny_pond, serial_bayou_lagoon_b
D:10:     layout_roguey, serial_shops, nicolae_shop_competitors_out_of_business,
          serial_rivers, chequers_serial_rivers_micro_d,
          chequers_serial_rivers_room_b, chequers_serial_rivers_micro_e,
          chequers_serial_rivers_micro_d
Temple:   cyrus_temple_forest
Lair:1:   layout_cave_pods, lemuel_fruit_tree
Lair:2:   layout_roguey, elwin_shoals_entry_rocks, special_room
          [special_room_bee], uniq_prince_ribbit2
Lair:3:   layout_roguey, gauntlet_entry_generic, grunt_megastairs_1
Lair:4:   layout_hall_layers, spider_nest_entry_webs, st_stairs_12
Lair:5:   layout_loops_ring, slime_altar_1, special_room
          [special_room_mythical_zoo], uniq_kirke, uniq_snorg
Lair:6:   hangedman_lair_tendril_chambers, layout_gridlike,
          gammafunk_ghost_hive, minmay_another_anthill

Skill      XL: |  1  2  3  4  5  6  7  8  9 10 11 12 13 14 |
---------------+-------------------------------------------+-----
Conjurations   | 2 3 4 6 7 9 10 | 10.6
Fire Magic     | 4 5 6 7 9 10 | 10.9
Spellcasting   | 3 4 5 6 |  6.6
Fighting       | 3 6 8 10 11 | 11.1
Armour         | 3 9 11 13 14 | 14.4
Dodging        | 2 5 7 8 |  8.2
Maces & Flails | 2 5 7 8 |  8.6
Earth Magic    | 1 6 |  6.5
Stealth        | |  2.1

Action                   |  1- 3 |  4- 6 |  7- 9 | 10-12 | 13-15 || total
-------------------------+-------+-------+-------+-------+-------++-------
Melee: Unarmed           |    11 |       |       |       |       ||    11
       Mace              |       |    27 |       |       |       ||    27
       Battleaxe         |       |       |    86 |   170 |       ||   256
       Staff             |       |       |       |     5 |       ||     5
       Whip              |       |       |       |       |   348 ||   348
 Cast: Flame Tongue      |    26 |    50 |    53 |   199 |   112 ||   440
       Throw Flame       |    29 |    59 |    81 |   175 |   186 ||   530
       Conjure Flame     |       |     1 |     4 |    13 |       ||    18
       Sticky Flame      |       |       |    17 |    46 |    47 ||   110
       Fireball          |       |       |     8 |    21 |    40 ||    69
       Bolt of Magma     |       |       |       |    22 |     8 ||    30
       Iron Shot         |       |       |       |       |     4 ||     4
  Use: Scroll            |       |     4 |     5 |    11 |     3 ||    23
       Potion            |       |     1 |     4 |     4 |     1 ||    10
 Stab: Invisible         |       |       |     1 |       |       ||     1
       Sleeping          |       |       |       |       |     2 ||     2
  Eat: Chunk             |     7 |    15 |    12 |    36 |    26 ||    96
       Ration            |       |       |     3 |     5 |     3 ||    11
Armor: Robe              |     3 |    17 |    48 |    35 |   132 ||   235
       Leather armour    |       |       |       |    82 |       ||    82
Dodge: Dodged            |    10 |    41 |   201 |   421 |   428 ||  1101
